 Dungeon Crawl Stone Soup version 0.15.1-3-g1b33baa (webtiles) character file.

135 Kex the Ruffian (level 4, 0/36 HPs)
             Began as a Draconian Transmuter on Oct 12, 2014.
             Killed from afar by Natasha (5 damage)
             ... with a magic dart
             ... on Level 3 of the Dungeon.
             The game lasted 00:10:56 (2554 turns).

Kex the Ruffian (Draconian Transmuter)              Turns: 2554, Time: 00:10:56

HP   0/36        AC  5     Str 13      XL: 4   Next: 96%
MP   5/8         EV 12     Int 13      God:
Gold 99          SH  0     Dex 12      Spells:  2 memorised,  3 levels left

rFire  . . .     SeeInvis .       - Unarmed
rCold  . . .     Clarity  .     (armour unavailable)
rNeg   + . .     rCorr    .     (no shield)
rPois  .         rRot     .     (helmet restricted)
rElec  .         Spirit   .     (no cloak)
SustAb .         Warding  .     (no gloves)
rMut   .         Stasis   .     (no boots)
Gourm  .                        n - amulet of rage
MR     .....                    (no ring)
                                i - ring of positive energy

@: very slightly contaminated, slowed, very slow, not resistant to hostile
enchantments, very unstealthy
A: unfitting armour, cold-blooded, AC +5
a: Evoke Berserk Rage


You were on level 3 of the Dungeon.
You were very hungry.

You visited 1 branch of the dungeon, and saw 3 of its levels.

You collected 99 gold pieces.

Inventory:

Missiles
 b - 33 arrows
Comestibles
 a - a slice of pizza
 f - a meat ration
 g - a fruit
Jewellery
 i - a ring of positive energy (left hand)
 n - an amulet of rage (around neck)
 r - an uncursed amulet of the gourmand
Potions
 l - a potion of poison {unknown}
 o - a potion of resistance {unknown}
 p - a potion of curing {unknown}
Books
 d - a book of Changes

   Spells                             Type                      Level
   *Beastly Appendage                 Transmutation                1
   Sticks to Snakes                   Transmutation                2
   *Spider Form                       Transmutation/Poison         3
   Ice Form                           Ice/Transmutation            4
   Blade Hands                        Transmutation                5


   Skills:
 + Level 2.1 Fighting
 + Level 2.6 Dodging
 + Level 0.8 Stealth
 + Level 3.8 Unarmed Combat
 + Level 2.4 Spellcasting
 * Level 3.0 Transmutations


You had 3 spell levels left.
You knew the following spells:

 Your Spells              Type           Power        Failure   Level  Hunger
a - Beastly Appendage     Trmt           #.....       10%         1    #......
b - Spider Form           Trmt/Pois      #.........   38%         3    ####...


Dungeon Overview and Level Annotations

Branches:
Dungeon (3/15)

Altars:
Vehumet

Annotations:
D:3 Natasha


Innate Abilities, Weirdness & Mutations

Your plain brown scales are hard (AC +5).
Your body does not fit into most forms of armour.
Your cold-blooded metabolism reacts poorly to cold.


Message History

The magic dart hits you!
Natasha hisses.
Natasha casts a spell at you.
You feel as though you will be slow longer.
There is a stone staircase leading down here.
Natasha casts a spell at you.
You feel as though you will be slow longer.
Natasha casts a spell at you. The magic dart hits you!
* * * LOW HITPOINT WARNING * * *
Read which item? (? for menu, Esc to quit)
Okay, then.
Casting: Beastly Appendage
Confirm with . or Enter, or press ? or * to list all spells.
You miscast Spider Form.
You are very lightly contaminated with residual magic.
You feel slightly ill.
Natasha stares at you and mumbles some strange words.
The magic dart hits you!
You die...

#.# #.## #5# #.#
#h# #####.#### #>#
#......... #.#
#.###.###. #.# #.#
#.# #####h####.#
#.# #..........#
#.# #.@#...#...#
#.. ##.###.###..#
#.. #
....#...#...# #.#
# ##....._.%...# .
##. ##..#...#...##
...
#..###.###...... #
###...#...#..####.
####
..............#
....
####.#..######


You could see Natasha.

Vanquished Creatures
  A worker ant (D:3)
  5 adders
  A giant gecko (D:2)
  An ooze (D:2)
  3 orcs (D:2)
  5 giant cockroaches
  6 hobgoblins
  8 kobolds
  A quokka (D:2)
  5 bats
  9 goblins
  4 jackals (D:2)
  7 rats
56 creatures vanquished.

Notes
Turn   | Place    | Note
--------------------------------------------------------------
     0 | D:1      | Kex, the Draconian Transmuter, began the quest for the Orb.
     0 | D:1      | Reached XP level 1. HP: 16/16 MP: 3/3
   322 | D:1      | Reached XP level 2. HP: 23/23 MP: 2/4
  1190 | D:2      | Reached XP level 3. HP: 24/28 MP: 4/6
  1479 | D:2      | Learned a level 3 spell: Spider Form
  1818 | D:2      | Reached XP level 4. HP: 34/36 MP: 5/7
  2149 | D:3      | Found a radiant altar of Vehumet.
  2508 | D:3      | Noticed Natasha
  2554 | D:3      | Killed from afar by Natasha

Action                   |  1- 3 |  4- 6 || total
-------------------------+-------+-------++-------
Melee: Unarmed           |   174 |    80 ||   254
       Dagger            |     3 |       ||     3
 Cast: Beastly Appendage |    28 |     9 ||    37
  Use: Scroll            |     8 |     5 ||    13
       Potion            |     1 |     1 ||     2
 Stab: Sleeping          |       |     1 ||     1
  Eat: Chunk             |     4 |     1 ||     5
